[Event "Late-Titled-Tuesday-Blitz-January-30-2024"]
[Site "Chess.com"]
[Date "2024.01.30"]
[Round "11"]
[White "cristiano78"]
[Black "AndreyNeves"]
[Result "0-1"]
[WhiteElo "2274"]
[BlackElo "2107"]
[TimeControl "180+1"]
[EndTime "16:04:20 PST"]
[Termination "AndreyNeves won by resignation"]

1. d4 d5 2. c4 e6 3. Nf3 Nf6 4. Nc3 a6 5. a4 Nc6 6. Bg5 Be7 7. e3 O-O 8. c5 Ne4 9. Bxe7 Qxe7 10.
Nxe4 dxe4 11. Nd2 e5 12. d5 Nb4 13. Nxe4 Bf5 14. d6 cxd6 15. cxd6 Qh4 16. Ng3 Nc2+ 17. Kd2 Qb4+ 18. Kc1 Nxa1 19. Nxf5 Nb3+ 20. Kb1 Qxa4 21. Ne7+ Kh8 22. Qh5 Rac8 0-1

[Event "Late-Titled-Tuesday-Blitz-January-30-2024"]
[Site "Chess.com"]
[Date "2024.01.30"]
[Round "11"]
[White "Nouali_Mohamed"]
[Black "egnfanclub"]
[Result "0-1"]
[WhiteElo "2456"]
[BlackElo "2373"]
[TimeControl "180+1"]
[EndTime "16:04:23 PST"]
[Termination "egnfanclub won by resignation"]

1. e4 e5 2. Bc4 Nf6 3. Nc3 Nxe4 4. Qh5 Nd6 5. Bb3 Nc6 6. Nb5 g6 7. Qf3 f5 8. Qd5 Qe7 9. Nxc7+ Kd8 10. Nxa8 b6 11.
Ne2 Bb7 12. Qd3 Bg7 13. O-O e4 14. Qh3 g5 15. Qh5 h6 16. d3 Ne5 17. d4 Ng4 18.
Ng3 e3 19. Nxf5 exf2+ 20. Rxf2 Qe1+ 21. Rf1 Qe4 22. d5 Nxf5 23. Bxg5+ hxg5 24. Qxg5+ Kc8 25. Qxf5 Bd4+ 26. Rf2 Qxf5 0-1

[Event "Late-Titled-Tuesday-Blitz-January-30-2024"]
[Site "Chess.com"]
[Date "2024.01.30"]
[Round "11"]
[White "C_K_G"]
[Black "Boninknights"]
[Result "0-1"]
[WhiteElo "2189"]
[BlackElo "2412"]
[TimeControl "180+1"]
[EndTime "16:04:24 PST"]
[Termination "Boninknights won on time"]

1. e4 e5 2. Nf3 Qe7 3. Bc4 g6 4. O-O Bg7 5. c3 Nf6 6. d4 d6 7. h3 O-O 8. Re1 b6 9. Nbd2 Bb7 10. Bb3 Nbd7 11. Bc2 h6 12. Nf1 b5 13. Ng3 c5 14.
d5 c4 15. Be3 Rfc8 16. Qd2 Kh7 17. Kh2 Nc5 18. Rh1 a5 19. Kg1 a4 20. h4 a3 21.
b3 cxb3 22. axb3 Qc7 23. h5 Ng4 24. hxg6+ fxg6 25. Ng5+ Kg8 26. Ne6 Nxe6 27. dxe6 Qxc3 28. Qxd6 Qxa1+ 29. Bd1 Rd8 0-1

[Event "Late-Titled-Tuesday-Blitz-January-30-2024"]
[Site "Chess.com"]
[Date "2024.01.30"]
[Round "11"]
[White "KaydenTroffChess"]
[Black "santosalberto1987"]
[Result "1-0"]
[WhiteElo "2851"]
[BlackElo "2557"]
[TimeControl "180+1"]
[EndTime "16:04:27 PST"]
[Termination "KaydenTroffChess won by resignation"]

1. d4 Nf6 2. Nf3 d6 3. Bg5 Nbd7 4. Nc3 d5 5. Qd3 e6 6. e4 dxe4 7. Nxe4 Be7 8. h4 O-O 9. O-O-O b6 10. Bxf6 Nxf6 11.
Nfg5 g6 12. h5 Nxh5 13. Rxh5 f5 14. Nxh7 gxh5 15. Nxf8 Qxf8 16. Nc3 Bb7 17. Qe3 Qf7 18. Bc4 Bd5 19. Nxd5 exd5 20. Bxd5 Qxd5 21. Qxe7 Qxg2 22.
Qe6+ Kg7 23. Qe5+ Kg6 24. Qxc7 Rf8 25. Qd6+ Rf6 26. Qd8 Kg7 27. d5 h4 28. d6 h3 29. d7 1-0

[Event "Late-Titled-Tuesday-Blitz-January-30-2024"]
[Site "Chess.com"]
[Date "2024.01.30"]
[Round "11"]
[White "pooh2012"]
[Black "M1711"]
[Result "1-0"]
[WhiteElo "2525"]
[BlackElo "2644"]
[TimeControl "180+1"]
[EndTime "16:04:29 PST"]
[Termination "pooh2012 won by checkmate"]

1. Nf3 d5 2. g3 Bh3 3. Bxh3 e6 4. d3 Nd7 5. Nbd2 c6 6. e4 h5 7. Bg2 Ne7 8. h4 Ng6 9. Qe2 Qc7 10. Ng5 Nf6 11.
Nb3 O-O-O 12. Bd2 Kb8 13. O-O-O Bd6 14. f4 e5 15. f5 Nf8 16. c4 d4 17. c5 Be7 18. Nxf7 N8d7 19. Nxh8 Rxh8 20. Ba5 b6 21. cxb6 axb6 22. Bd2 Kb7 23. Bg5 Ra8 24. Kb1 Qd6 25. Bf3 Qb4 26. Qc2 Qa4 27. Nc1 Qa7 28. Qc4 b5 29. Qe6 Bd8 30. Bxf6 Nxf6 31. Qxe5 Bc7 32. Qe6 Bxg3 33. e5 Nd5 34. Bxd5 cxd5 35. Rhg1 Qa4 36.
Rxg3 Qxd1 37. Rxg7+ Kb8 38. Qe8# 1-0

[Event "Late-Titled-Tuesday-Blitz-January-30-2024"]
[Site "Chess.com"]
[Date "2024.01.30"]
[Round "11"]
[White "Tomytoteph"]
[Black "MaxLeto"]
[Result "1-0"]
[WhiteElo "2601"]
[BlackElo "2419"]
[TimeControl "180+1"]
[EndTime "16:04:33 PST"]
[Termination "Tomytoteph won by resignation"]

1. e4 c5 2. Nf3 d6 3. d4 cxd4 4.
Nxd4 Nf6 5. Nc3 a6 6. Bc4 e6 7. Bb3 b5 8. Be3 Be7 9. Qf3 Qc7 10. a3 O-O 11. g4 Bb7 12. O-O-O Nbd7 13. g5 Ne5 14. Qg2 Nfd7 15. f4 Nc4 16. Bxc4 Qxc4 17. h4 Rfe8 18. h5 b4 19. axb4 Qxb4 20. g6 Bf6 21.
Qh3 Rac8 22. h6 hxg6 23. hxg7 Bxg7 24. f5 Rxc3 25. bxc3 Qxc3 26. fxg6 Ne5 27. gxf7+ Nxf7 28. Rdg1 Kf8 29. Rxg7 Kxg7 30. Bh6+ Kf6 31. Qxc3 Ke7 32. Be3 Rc8 33. Qb3 Bxe4 34. Qxe6+ 1-0

[Event "Late-Titled-Tuesday-Blitz-January-30-2024"]
[Site "Chess.com"]
[Date "2024.01.30"]
[Round "11"]
[White "Evgeny81"]
[Black "Zura_19"]
[Result "1-0"]
[WhiteElo "2729"]
[BlackElo "2570"]
[TimeControl "180+1"]
[EndTime "16:04:35 PST"]
[Termination "Evgeny81 won by resignation"]

1. e4 c6 2. d4 d5 3. Nc3 dxe4 4. Nxe4 Nf6 5. Nxf6+ exf6 6. Bd3 Bd6 7. Ne2 O-O 8. O-O Re8 9. Bf4 Bg4 10. f3 Bh5 11. Qd2 Bg6 12. Bxd6 Qxd6 13. c3 Nd7 14. Rfe1 Nb6 15.
Ng3 Qd5 16. Be4 Qd7 17. Re2 Rad8 18. Rae1 Nc4 19. Qf4 Nd6 20. h4 h5 21. Bxg6 fxg6 22. Ne4 Nf5 23. Nc5 Qf7 24. Kh2 b6 25. Ne6 Rd6 26. Ng5 fxg5 27. Rxe8+ Kh7 28. Qxg5 Rf6 29. Rc8 1-0

[Event "Late-Titled-Tuesday-Blitz-January-30-2024"]
[Site "Chess.com"]
[Date "2024.01.30"]
[Round "11"]
[White "brm72"]
[Black "Vasily85"]
[Result "1-0"]
[WhiteElo "2688"]
[BlackElo "2515"]
[TimeControl "180+1"]
[EndTime "16:04:44 PST"]
[Termination "brm72 won on time"]

1. e4 c5 2. Nf3 g6 3. d4 cxd4 4. Nxd4 Nc6 5. c4 Nf6 6. Nc3 d6 7. Be2 Nxd4 8. Qxd4 Bg7 9. O-O O-O 10. Qd3 a5 11.
Be3 a4 12. b4 axb3 13. axb3 Rxa1 14. Rxa1 Nxe4 15. Qxe4 Bxc3 16. Rd1 Qc7 17. h4 Bf5 18. Qf3 Bf6 19. h5 Ra8 20. g4 Bc2 21. Rd2 Bxb3 22.
g5 Be5 23. Bd4 Bxd4 24. Rxd4 Ra1+ 25. Kh2 d5+ 26. Kh3 Bxc4 27. Bxc4 dxc4 28. Qxb7 Ra3+ 29.
f3 Rxf3+ 30. Qxf3 1-0

[Event "Late-Titled-Tuesday-Blitz-January-30-2024"]
[Site "Chess.com"]
[Date "2024.01.30"]
[Round "11"]
[White "BogdanDeac"]
[Black "Elsa167"]
[Result "0-1"]
[WhiteElo "3038"]
[BlackElo "2913"]
[TimeControl "180+1"]
[EndTime "16:04:48 PST"]
[Termination "Elsa167 won by resignation"]

1. d4 Nf6 2. Nf3 e6 3. Bf4 b6 4.
e3 Bb7 5. c4 Bb4+ 6. Nfd2 Ne4 7. a3 Bxd2+ 8. Nxd2 Nxd2 9. Qxd2 O-O 10. d5 d6 11. Be2 a5 12. b3 Nd7 13. Rd1 e5 14. Bg3 Nc5 15. Qc2 f5 16. f3 Qg5 17. f4 exf4 18. exf4 Qf6 19. Bf2 Rae8 20. g3 Re7 21. Kf1 Rfe8 22. Bh5 g6 23. Bd4 Qf7 24.
Bf3 a4 25. b4 Nb3 26. Bf2 b5 27. cxb5 Re4 28. Qd3 g5 29. fxg5 R4e5 30. Kg2 f4 31. Rhe1 fxg3 32. Bxg3 Rxg5 33. Rxe8+ Qxe8 34. Re1 Qxe1 0-1

[Event "Late-Titled-Tuesday-Blitz-January-30-2024"]
[Site "Chess.com"]
[Date "2024.01.30"]
[Round "11"]
[White "jinbojinbo"]
[Black "Matalon"]
[Result "1-0"]
[WhiteElo "2634"]
[BlackElo "2497"]
[TimeControl "180+1"]
[EndTime "16:04:52 PST"]
[Termination "jinbojinbo won by resignation"]

1. Nf3 Nf6 2. g3 g6 3. Bg2 Bg7 4. O-O O-O 5. d3 d6 6. c4 e5 7. Nc3 Nc6 8. Rb1 a5 9. a3 Nd4 10. e3 Nxf3+ 11. Bxf3 c6 12. b4 axb4 13. axb4 d5 14.
b5 Be6 15. Qe2 Qd7 16. Rd1 Rfd8 17. Bb2 h5 18. h4 Bg4 19. Bxg4 hxg4 20. Ra1 Rxa1 21.
Rxa1 d4 22. exd4 exd4 23. bxc6 bxc6 24. Ne4 Re8 25. Nxf6+ Bxf6 26. Qd2 Qf5 27. Ba3 Qf3 28. Re1 Ra8 29. Bc5 Kg7 30. Qe2 Ra1 31. Qd2 Rxe1+ 32.
Qxe1 Qxd3 33. Qe8 Qxc4 34. Qxc6 d3 35. Bf8+ Kxf8 36. Qxc4 d2 37. Qb4+ Kg7 38. Qxd2 1-0

[Event "Late-Titled-Tuesday-Blitz-January-30-2024"]
[Site "Chess.com"]
[Date "2024.01.30"]
[Round "11"]
[White "PawnEatingZombie"]
[Black "jmpion"]
[Result "0-1"]
[WhiteElo "2202"]
[BlackElo "2523"]
[TimeControl "180+1"]
[EndTime "16:04:52 PST"]
[Termination "jmpion won by resignation"]

1. e4 c5 2. c3 Nf6 3. e5 Nd5 4. Nf3 Nc6 5. Bc4 Nb6 6. Bb3 c4 7. Bc2 d5 8. exd6 e5 9. O-O Bxd6 10. Re1 O-O 11. b3 cxb3 12. axb3 Bg4 13. d3 Qf6 14.
Nbd2 Nd5 15. Bb2 Nf4 16. h3 Bxh3 17. g3 Qg6 18. Nh4 Qh6 19. Ne4 Be7 20. Ba3 f5 21. Bxe7 Nxe7 22. Nc5 Bg4 23. f3 Bh3 24. Nd7 Rfd8 25.
Nxe5 Rac8 26. c4 Qb6+ 0-1

[Event "Late-Titled-Tuesday-Blitz-January-30-2024"]
[Site "Chess.com"]
[Date "2024.01.30"]
[Round "11"]
[White "koncheto"]
[Black "TheAlienParty"]
[Result "1-0"]
[WhiteElo "2492"]
[BlackElo "2384"]
[TimeControl "180+1"]
[EndTime "16:04:52 PST"]
[Termination "koncheto won by resignation"]

1. e4 e5 2. Nf3 Nc6 3. d4 exd4 4. Bc4 Nf6 5. O-O Bc5 6. e5 d5 7.
exf6 dxc4 8. Re1+ Be6 9. Ng5 Qd5 10. Nc3 Qf5 11. Nce4 O-O-O 12. g4 Qd5 13. fxg7 Rhg8 14. Nf6 Qd6 15. Nge4 Qe7 16. Nxg8 Rxg8 17. Bg5 f6 18. Bxf6 Qf7 19. Nxc5 Qxf6 20. Nxe6 Ne5 21. g5 Qf5 22. Nxd4 Qxg5+ 23. Kh1 Ng4 24. Qf3 Qxg7 25. Nf5 Rf8 26. Re8+ Kd7 27. Qd5+ Kxe8 28. Qe6+ Kd8 29. Rd1+ 1-0

[Event "Late-Titled-Tuesday-Blitz-January-30-2024"]
[Site "Chess.com"]
[Date "2024.01.30"]
[Round "11"]
[White "krzyzan94"]
[Black "rdarruda"]
[Result "1-0"]
[WhiteElo "2765"]
[BlackElo "2563"]
[TimeControl "180+1"]
[EndTime "16:04:58 PST"]
[Termination "krzyzan94 won by resignation"]

1. e4 c5 2. d4 cxd4 3. c3 dxc3 4.
Nxc3 e6 5. Nf3 Bb4 6. e5 d5 7. exd6 Qxd6 8. Bd3 Nf6 9. O-O Qe7 10. Nb5 a6 11. Qa4 O-O 12. a3 Bc5 13. Bg5 Bd7 14.
Qh4 h6 15. Nc3 hxg5 16. Nxg5 g6 17. Nce4 Nh5 18. g4 f6 19. Nh3 f5 20. Neg5 fxg4 21. Bxg6 gxh3 22. Qxh5 Be8 23. Bxe8 Rxe8 24. Rae1 e5 25.
Rxe5 1-0

[Event "Late-Titled-Tuesday-Blitz-January-30-2024"]
[Site "Chess.com"]
[Date "2024.01.30"]
[Round "11"]
[White "BeardedNM"]
[Black "RianKapriaga"]
[Result "0-1"]
[WhiteElo "2174"]
[BlackElo "2342"]
[TimeControl "180+1"]
[EndTime "16:04:58 PST"]
[Termination "RianKapriaga won by resignation"]

1. e4 c6 2. d4 d5 3. e5 Bf5 4. Nf3 e6 5. Be2 Nd7 6. O-O Ne7 7. Nbd2 Bg6 8. Nb3 Nf5 9. a4 a5 10. Re1 h6 11. Bd3 Be7 12. g4 Nh4 13. Nxh4 Bxd3 14.
Ng2 Bh7 15. f4 O-O 16. Rf1 f6 17. Bd2 fxe5 18. fxe5 Qb6 19. Kh1 Be4 20. h3 Qa6 21.
Kh2 Qc4 22. Nf4 Bxc2 23. Qe1 Bxb3 24. Rc1 Qxd4 25. Nxe6 Rxf1 26. Nxd4 Rxe1 27. Rxe1 Bxa4 28. e6 Nc5 29. Nf5 Re8 30. Bxa5 Bc2 31. Bb4 Bxf5 32. Bxc5 Bxc5 33. gxf5 Kf8 34. Rc1 Bd4 35. b3 Ke7 36. Rd1 Be5+ 37. Kg2 Kf6 38. Rf1 Ra8 0-1

[Event "Late-Titled-Tuesday-Blitz-January-30-2024"]
[Site "Chess.com"]
[Date "2024.01.30"]
[Round "11"]
[White "Eduard_Limonov"]
[Black "Beca95"]
[Result "0-1"]
[WhiteElo "2871"]
[BlackElo "2978"]
[TimeControl "180+1"]
[EndTime "16:04:59 PST"]
[Termination "Beca95 won by resignation"]

1. e4 e5 2. Nf3 Nc6 3. Bc4 Nf6 4.
Ng5 d5 5. exd5 b5 6. Bf1 Nxd5 7.
Bxb5 Bb7 8. d4 exd4 9. O-O Qd7 10. Re1+ Be7 11. Qh5 g6 12. Qh6 O-O-O 13. Nxf7 Bb4 14. Nxd8 Bxe1 15. Nxb7 Qf5 16. Nc5 Qxf2+ 17. Kh1 Bb4 18. Qh3+ Kb8 19. Nd7+ Kb7 20. Bxc6+ Kxc6 21. Qe6+ Bd6 22.
Ne5+ Kb6 23. Nd7+ Kb7 24. Qxd5+ c6 25. Qb3+ Kc7 26. Be3 dxe3 27. Nc3 Qh4 28. Ne5 Bxe5 29. Qf7+ Kb8 30. h3 Qg3 31. Kg1 Qh2+ 32. Kf1 Qh1+ 33. Ke2 Qxa1 34. Qe6 Bxc3 35. Qd6+ Kb7 36. Qe7+ Ka8 37.
bxc3 Qxc3 38. Qg7 Qxg7 0-1

[Event "Late-Titled-Tuesday-Blitz-January-30-2024"]
[Site "Chess.com"]
[Date "2024.01.30"]
[Round "11"]
[White "ccccvhhhj"]
[Black "Kostukov_Alex"]
[Result "1-0"]
[WhiteElo "2424"]
[BlackElo "2297"]
[TimeControl "180+1"]
[EndTime "16:05:00 PST"]
[Termination "ccccvhhhj won on time"]

1. d4 g6 2. Nc3 Bg7 3. Bf4 d5 4. Qd2 Nf6 5. f3 O-O 6. O-O-O c5 7.
e3 Nc6 8. g4 cxd4 9. exd4 Qa5 10. Kb1 Be6 11. h4 h5 12. Bh6 Rac8 13. Bxg7 Kxg7 14. Bh3 hxg4 15. fxg4 Rh8 16. g5 Nh5 17.
Bxe6 fxe6 18. Qe1 e5 19. Nge2 e4 20. Rf1 Rhf8 21. a3 e6 22. Rxf8 Rxf8 23. Ng3 Rf3 24. Nxh5+ gxh5 25. Qe2 Qc7 26. Qb5 a6 27. Qc5 Qe7 28.
Qb6 Rf7 29. Na4 Kg6 30. Qb3 Na5 31. Qc3 Nc4 32. Nc5 a5 33. Nxe4 Nxa3+ 34. Qxa3 dxe4 35.
Qe3 1-0

[Event "Late-Titled-Tuesday-Blitz-January-30-2024"]
[Site "Chess.com"]
[Date "2024.01.30"]
[Round "11"]
[White "bn1462"]
[Black "GoValya"]
[Result "0-1"]
[WhiteElo "1974"]
[BlackElo "2275"]
[TimeControl "180+1"]
[EndTime "16:05:00 PST"]
[Termination "GoValya won on time"]

1. d4 Nf6 2. c4 g6 3. Nc3 d5 4.
Nf3 c6 5. Qb3 dxc4 6. Qxc4 Bg7 7. e4 O-O 8. Be2 b5 9. Qb3 Be6 10. Qc2 Nbd7 11. O-O Rc8 12. Rd1 Bg4 13. Be3 Qc7 14. h3 Bxf3 15. Bxf3 e5 16. Rac1 Nb6 17. Nxb5 Qe7 18. Nc3 Nc4 19. b3 Nxe3 20. fxe3 Bh6 21.
Rd3 exd4 22. exd4 Bxc1 23. Qxc1 Rfd8 24. e5 Nd5 25. Ne4 Kg7 26. Nd6 Rc7 27. Qc5 Qe6 28.
Bxd5 Qxd5 29. Rf3 Qxc5 30. dxc5 Re7 31. Kh2 Rdd7 0-1

[Event "Late-Titled-Tuesday-Blitz-January-30-2024"]
[Site "Chess.com"]
[Date "2024.01.30"]
[Round "11"]
[White "kai_nov"]
[Black "jaskol95"]
[Result "0-1"]
[WhiteElo "2330"]
[BlackElo "2526"]
[TimeControl "180+1"]
[EndTime "16:05:04 PST"]
[Termination "jaskol95 won on time"]

1. d4 d5 2. c4 e5 3. Nc3 exd4 4. Qxd4 Nc6 5. Qxd5 Be6 6. Qb5 a6 7. Qxb7 Nb4 8. Qe4 Nf6 9. Qb1 Bxc4 10. Nf3 Bc5 11. a3 Nbd5 12. Ne4 Bb6 13. Qc2 Bb5 14. Nxf6+ Nxf6 15. a4 Bd7 16. e3 O-O 17. Be2 Qe7 18.
O-O Ne4 19. Bd3 Bf5 20. Nd4 Bg6 21. Bd2 Rfd8 22. Nc6 Qd6 23. Nxd8 Nxd2 24. Qxd2 Rxd8 25.
Rfd1 Bxd3 26. Qc3 Qg6 0-1

[Event "Late-Titled-Tuesday-Blitz-January-30-2024"]
[Site "Chess.com"]
[Date "2024.01.30"]
[Round "11"]
[White "jk13"]
[Black "GiorgianBarbosa"]
[Result "1-0"]
[WhiteElo "2681"]
[BlackElo "2475"]
[TimeControl "180+1"]
[EndTime "16:05:05 PST"]
[Termination "jk13 won by checkmate"]

1. h4 e5 2. c3 d5 3. d4 e4 4.
Bf4 Bd6 5. g3 Bxf4 6. gxf4 e3 7.
fxe3 Nf6 8. Qd3 g6 9. Nf3 b6 10.
Ne5 Ba6 11. Qc2 Nh5 12. Bg2 c6 13. Nd2 f6 14. Nxg6 hxg6 15. Qxg6+ Kf8 16. Bf3 Ng7 17. h5 Nd7 18. h6 Ne8 19. O-O-O Qe7 20. Rdg1 Qh7 21.
Qg4 Ke7 22. e4 Nf8 23. exd5 cxd5 24. Bxd5 Rd8 25. Bg8 Rxg8 26. Qxg8 Qf5 27. h7 Nxh7 28. Qxh7+ Qxh7 29. Rxh7+ Ke6 30. e4 Nd6 31. Rgg7 Re8 32. d5# 1-0

[Event "Late-Titled-Tuesday-Blitz-January-30-2024"]
[Site "Chess.com"]
[Date "2024.01.30"]
[Round "11"]
[White "RebecaJimnz"]
[Black "shirovin"]
[Result "0-1"]
[WhiteElo "2271"]
[BlackElo "2081"]
[TimeControl "180+1"]
[EndTime "16:05:05 PST"]
[Termination "shirovin won by resignation"]

1. e4 b6 2. d4 Bb7 3. Bd3 e6 4. Nf3 Nf6 5. O-O Nxe4 6. Re1 Nf6 7. Bg5 Be7 8. Nbd2 d6 9. c3 Nbd7 10. Qe2 O-O 11. Rad1 Re8 12. h4 a6 13. Bb1 h6 14.
Bf4 Nf8 15. Qd3 c5 16. Ng5 hxg5 17. hxg5 Nd5 18. Bg3 Bxg5 19. f3 Bf4 20. Bxf4 Nxf4 21. Qe3 Qg5 22. g4 Nh3+ 23. Kg2 Qxe3 24. Rxe3 Nf4+ 25.
Kg3 e5 26. Rh1 Rad8 27. Ne4 Bxe4 28. Bxe4 d5 29. Bf5 cxd4 30. cxd4 N4g6 31. Re2 exd4 32. Reh2 Re3 33. Kf2 Rde8 34. f4 Re2+ 35. Kf1 Re1+ 36.
Kf2 R8e2+ 37. Kf3 Re3+ 38. Kf2 Rxh1 39. Rxh1 Nxf4 40. Rc1 Nd3+ 41. Bxd3 Rxd3 42. Rc8 Rd2+ 43. Kf3 d3 44. Ke3 Rxb2 45. Kxd3 Rxa2 46. Kd4 Ra4+ 47.
Kxd5 Rxg4 48. Kd6 Re4 49. Rc5 bxc5 0-1

[Event "Late-Titled-Tuesday-Blitz-January-30-2024"]
[Site "Chess.com"]
[Date "2024.01.30"]
[Round "11"]
[White "zverr1"]
[Black "LastHeroJr"]
[Result "0-1"]
[WhiteElo "2560"]
[BlackElo "2492"]
[TimeControl "180+1"]
[EndTime "16:05:06 PST"]
[Termination "LastHeroJr won on time"]

1. e4 e5 2. Nf3 Nc6 3. Bc4 Nf6 4.
Ng5 d5 5. exd5 Na5 6. Bb5+ c6 7. dxc6 bxc6 8. Be2 h6 9. Nh3 Bxh3 10. gxh3 Bd6 11. d3 O-O 12. O-O c5 13. Bf3 Rb8 14. Nc3 Qc7 15. Kh1 Nc6 16. Rg1 Kh8 17. Nd5 Nxd5 18.
Bxd5 Ne7 19. Qh5 Nxd5 20. Bxh6 g6 21. Qh4 Be7 22. Bg5+ Kg8 23. c4 Bxg5 24. Rxg5 Nf4 25. f3 Rbd8 26. Re1 Rfe8 27. Rgg1 Rxd3 28. Qf6 Qe7 0-1

[Event "Late-Titled-Tuesday-Blitz-January-30-2024"]
[Site "Chess.com"]
[Date "2024.01.30"]
[Round "11"]
[White "Rawnsdale"]
[Black "Chempiblinka"]
[Result "0-1"]
[WhiteElo "2517"]
[BlackElo "2341"]
[TimeControl "180+1"]
[EndTime "16:05:06 PST"]
[Termination "Chempiblinka won by resignation"]

1. e4 c5 2. Nf3 Nc6 3. d4 cxd4 4. Nxd4 g6 5. Nc3 Bg7 6. Be3 Nf6 7. f3 O-O 8. Bc4 Qb6 9. Na4 Qb4+ 10. c3 Qxc4 11. b3 Qa6 12. b4 Nxd4 13. Bxd4 Qc4 14. Nb2 Qc7 15. O-O d6 16. Rc1 b5 17. c4 bxc4 18. Nxc4 Qd7 19. Na5 Bb7 20. Qd2 Rfc8 21.
Rxc8+ Qxc8 22. Rc1 Qd7 23. Qe3 Rc8 24. Rd1 a6 25. a3 Bc6 26. h3 Bb5 27. Qf2 Qe6 28.
Be3 Nd7 29. h4 Ne5 30. h5 Nc4 31. Bc1 Nxa5 32. bxa5 Qc4 33. h6 Be5 34. f4 Bf6 35.
e5 dxe5 36. fxe5 Bxe5 37. Bg5 f6 38. Rc1 Qxc1+ 0-1

[Event "Late-Titled-Tuesday-Blitz-January-30-2024"]
[Site "Chess.com"]
[Date "2024.01.30"]
[Round "11"]
[White "alexgo05"]
[Black "IlanSchnaider"]
[Result "0-1"]
[WhiteElo "2425"]
[BlackElo "2668"]
[TimeControl "180+1"]
[EndTime "16:05:07 PST"]
[Termination "IlanSchnaider won by checkmate"]

1. Nf3 Nf6 2. b3 d5 3. Bb2 Bf5 4. e3 e6 5. c4 c6 6. d4 Nbd7 7. Nc3 Bd6 8. Bd3 Bg6 9. cxd5 exd5 10. O-O O-O 11. Qc2 Re8 12. Rac1 Bxd3 13. Qxd3 Ne4 14.
Ne2 f5 15. Qb1 Qf6 16. Nf4 g5 17. Nd3 g4 18. Nfe5 Bxe5 19. dxe5 Qh6 20. Qc2 Nf8 21.
Nf4 Ne6 22. f3 g3 23. h3 Nf2 24. Qxf5 Nxf4 25. exf4 Rf8 26. Qc2 Qxf4 27. e6 Qe3 28. Rce1 Qb6 29. Qc3 Nxh3+ 30. Kh1 Qg1+ 31. Rxg1 Nf2# 0-1

[Event "Late-Titled-Tuesday-Blitz-January-30-2024"]
[Site "Chess.com"]
[Date "2024.01.30"]
[Round "11"]
[White "ImportedItalianMaple"]
[Black "Inepton_Fermion"]
[Result "1-0"]
[WhiteElo "2473"]
[BlackElo "2379"]
[TimeControl "180+1"]
[EndTime "16:05:07 PST"]
[Termination "ImportedItalianMaple won on time"]

1. e4 c5 2. Nf3 d6 3. d4 cxd4 4. Qxd4 Nf6 5. Nc3 Nc6 6. Qe3 g6 7. Bb5 Bg7 8. e5 Ng4 9. Qe4 Nxe5 10. Nxe5 Bxe5 11. Bh6 Bd7 12. O-O Qa5 13. Rfe1 Bxc3 14. Bxc6 Bxe1 15. Rxe1 Qxe1+ 16. Qxe1 Bxc6 17. Bg7 Rg8 18. Bd4 Kd7 19. c4 e5 20. Be3 f5 21. Bg5 b6 22. Qd2 Kc7 23. b4 Rge8 24. Qc3 Re6 25.
h4 Rh8 26. c5 dxc5 27. bxc5 Rhe8 28. a4 Kb7 29. cxb6 axb6 30. a5 bxa5 31. Qxa5 Rd6 32. Qb4+ Kc7 33. Qa5+ Kb7 34. Be3 Rd1+ 35. Kh2 Rb1 36.
Qa7+ Kc8 37. Qxh7 Rb7 38. Qxg6 Kc7 39. Qxf5 Bd7 40. Qf7 1-0

[Event "Late-Titled-Tuesday-Blitz-January-30-2024"]
[Site "Chess.com"]
[Date "2024.01.30"]
[Round "11"]
[White "BebeBonito2022"]
[Black "Onthequiet"]
[Result "0-1"]
[WhiteElo "2324"]
[BlackElo "2447"]
[TimeControl "180+1"]
[EndTime "16:05:07 PST"]
[Termination "Onthequiet won on time"]

1. d4 d5 2. c4 e6 3. Nc3 Nf6 4. cxd5 exd5 5. Bg5 Be7 6. e3 c6 7. Bd3 Nbd7 8. Nge2 Nh5 9. Bxe7 Qxe7 10. O-O g6 11. Qd2 f5 12. Rab1 a5 13. a3 b5 14. Rbe1 Nb6 15.
Nf4 Nf6 16. Bb1 Nc4 17. Qc1 O-O 18. Nd3 Ne4 19. f3 Ned2 20. Rf2 Nxb1 21. Nxb1 Bd7 22. b3 Nd6 23. Nc5 a4 24. b4 Nc4 25. Rfe2 Rae8 26. Nd2 Bc8 27. Nxc4 dxc4 28. e4 f4 29. Qd2 Rd8 30. Qc3 Qg7 31. Rd1 g5 32. Rc2 Rfe8 33. d5 Qxc3 34. Rxc3 cxd5 35. exd5 Re2 36. Rcc1 Bf5 37. Re1 Rxe1+ 38. Rxe1 Rxd5 39. Re8+ Kf7 40.
Rb8 c3 41. Rc8 c2 0-1

[Event "Late-Titled-Tuesday-Blitz-January-30-2024"]
[Site "Chess.com"]
[Date "2024.01.30"]
[Round "11"]
[White "snowlord"]
[Black "JakubPulpan"]
[Result "1-0"]
[WhiteElo "2864"]
[BlackElo "2715"]
[TimeControl "180+1"]
[EndTime "16:05:09 PST"]
[Termination "snowlord won by resignation"]

1. Nf3 b6 2. e4 Bb7 3. Nc3 g6 4. d4 Bg7 5. Bd3 d6 6. Ne2 Nd7 7. Ng3 e6 8. c3 c5 9. Bf4 Qe7 10. e5 d5 11. h4 h5 12. Bg5 Qf8 13. a4 c4 14. Bc2 Ne7 15. b3 cxb3 16. Bd3 Nc6 17.
Qxb3 Na5 18. Qb2 Rc8 19. Ne2 Bh6 20. Nf4 Bxg5 21. hxg5 Rg8 22. Kf1 Kd8 23. g3 Kc7 24. Kg2 Kb8 25. Qb4 Nc6 26. Qb5 Na5 27. Qxd7 Rxc3 28. Rhc1 Rc6 29. Rxc6 Nc4 1-0

[Event "Late-Titled-Tuesday-Blitz-January-30-2024"]
[Site "Chess.com"]
[Date "2024.01.30"]
[Round "11"]
[White "Mops_2004"]
[Black "Ajedrecista3000"]
[Result "0-1"]
[WhiteElo "2763"]
[BlackElo "2630"]
[TimeControl "180+1"]
[EndTime "16:05:12 PST"]
[Termination "Ajedrecista3000 won by resignation"]

1. f4 d5 2. Nf3 g6 3. g3 Bg7 4.
Bg2 c5 5. O-O Nf6 6. d3 O-O 7.
Qe1 Qb6 8. Kh1 Nc6 9. e4 dxe4 10.
dxe4 e5 11. fxe5 Ng4 12. Nc3 Ngxe5 13. Nd5 Nxf3 14. Nxb6 Nxe1 15. Nxa8 Nxc2 16. Rb1 Be6 17. Nc7 Bxa2 18. Bf4 Bxb1 19. Rxb1 Rd8 20. Nd5 Be5 21. Bg5 Rd6 22. Bf1 N2b4 23. Ne3 f6 24. Bh6 Nd3 25. Nc4 Rd8 26. Kg2 b5 27. Ne3 c4 28. b3 c3 29. Nc2 Ncb4 30. Nxb4 Nxb4 31.
Bxb5 c2 32. Rf1 Rd1 33. Bc4+ Kh8 34. Be2 Rxf1 35. Kxf1 g5 0-1

[Event "Late-Titled-Tuesday-Blitz-January-30-2024"]
[Site "Chess.com"]
[Date "2024.01.30"]
[Round "11"]
[White "Cambek64"]
[Black "GAO"]
[Result "1-0"]
[WhiteElo "2513"]
[BlackElo "2385"]
[TimeControl "180+1"]
[EndTime "16:05:12 PST"]
[Termination "Cambek64 won by resignation"]

1. e4 c5 2. Nc3 Nc6 3. d3 g6 4. Be3 Bg7 5. Bxc5 Qa5 6. Be3 e6 7. Ne2 d5 8. exd5 exd5 9. d4 Be6 10. g3 Nge7 11. Bg2 h5 12. h4 Nf5 13. O-O Nxe3 14. fxe3 Ne7 15. Nf4 Nf5 16. Nfxd5 O-O 17.
Qf3 Rfe8 18. Kh2 Nh6 19. Bh3 Rad8 20. Rae1 b5 21. a3 Rd7 22. Nf6+ Bxf6 23. Qxf6 b4 24. axb4 Qxb4 25. Qf4 Bxh3 26. Kxh3 Ng4 27. Ne4 Kg7 28.
Nf6 Nxf6 29. Qxf6+ Kg8 30. d5 Qg4+ 31. Kh2 Rf8 32.
Rf4 Rd6 33. Qxd6 1-0

[Event "Late-Titled-Tuesday-Blitz-January-30-2024"]
[Site "Chess.com"]
[Date "2024.01.30"]
[Round "11"]
[White "sansanathalia"]
[Black "SmirnovTimofey2000"]
[Result "1-0"]
[WhiteElo "2395"]
[BlackElo "1976"]
[TimeControl "180+1"]
[EndTime "16:05:14 PST"]
[Termination "sansanathalia won by checkmate"]

1. e4 e5 2. d4 exd4 3. Qxd4 Nc6 4. Qe3 g6 5. Nc3 Bg7 6. Bd2 Nge7 7. O-O-O d6 8. f4 Bg4 9. Be2 Bxe2 10. Ngxe2 Qd7 11. h4 O-O-O 12. h5 h6 13. hxg6 fxg6 14. Qg3 Qe6 15.
f5 Qf7 16. fxg6 Qxg6 17. Qh3+ Kb8 18. Nf4 Qf7 19. Ne6 Rde8 20. Rdf1 Qg8 21. Nxg7 Qxg7 22. Bxh6 Qg6 23. Qe3 Ne5 24. Bf4 Qxg2 25. Rhg1 Qh3 26. Qxh3 Rxh3 27. Bxe5 dxe5 28. Rf7 Nc6 29. Nb5 Rc8 30.
Rgg7 Rh1+ 31. Kd2 Rd8+ 32. Ke2 Rh2+ 33. Kf3 Nd4+ 34. Nxd4 exd4 35. Rxc7 Rf8+ 36. Kg3 Rh1 37. Rxb7+ Ka8 38. Rxa7+ Kb8 39. Raf7 Rfh8 40. Kf4 R1h4+ 41. Ke5 R8h5+ 42. Kxd4 Ra5 43. Rf8# 1-0